[Event "Titled Tuesday Blitz April 25 Late 2023"]
[White "Kostiukov, Alexandr"]
[Black "Shapiro, Viktor"]
[WhiteFideId "14108100"]
[BlackFideId "4175700"]
[WhiteElo "2202"]
[BlackElo "2152"]
[Result "0-1"]
[Round "05"]
[TimeControl "180+2"]
[Date "2023.04.25"]
[WhiteClock "0:00:03"]
[BlackClock "0:00:12"]

1. g3 Nf6 2. Bg2 c5 3. c4 Nc6 4. Nf3 g6 5. O-O Bg7 6. d4 cxd4 7. Nxd4 O-O 8. c5 Ng4 9. Nb3 a5 10. a4 b6 11. h3 Nge5 12. cxb6 Qxb6 13. Be3 Qb8 14. Nc3 Nc4 15. Bf4 Qb7 16. Qc2 e5 17. Bc1 Rb8 18. Nc5 Qa7 19. Nd3 Ba6 20. Nb5 Rxb5 21. axb5 Bxb5 22. b3 Nd4 23. Qd1 Nd6 24. Be3 N6f5 25. Bd2 a4 26. bxa4 Bc4 27. Nc1 Nxg3 28. Be3 Ngf5 29. Bd2 Rc8 30. Re1 Qa6 31. e3 Ne6 32. Na2 d5 33. Nb4 Qb7 34. Rb1 e4 35. Qg4 Qa8 36. Rec1 h5 37. Qd1 Rb8 38. Nc2 Rxb1 39. Rxb1 Qxa4 40. Nb4 Qxd1+ 41. Rxd1 Nc5 42. Be1 Nd3 43. Nxd3 exd3 44. Bf1 Nh4 0-1


[Site "https://www.chess.com"]

[Event "Titled Tuesday Blitz April 25 Late 2023"]
[White "Pinto, Daniel"]
[Black "Leschinsky, Gary"]
[WhiteFideId "3303144"]
[BlackFideId "30951321"]
[WhiteElo "2145"]
[BlackElo "1855"]
[Result "1-0"]
[Round "05"]
[TimeControl "180+2"]
[Date "2023.04.25"]
[WhiteClock "0:00:10"]
[BlackClock "0:00:08"]

1. Nf3 c6 2. g3 d5 3. Bg2 Nf6 4. O-O Bg4 5. b3 Nbd7 6. Bb2 e6 7. d3 Bd6 8. Nbd2 O-O 9. e4 Qe7 10. h3 Bxf3 11. Qxf3 a5 12. Qe2 e5 13. exd5 cxd5 14. c4 a4 15. bxa4 Nc5 16. cxd5 Nxa4 17. Rab1 b5 18. Rfe1 Nd7 19. d4 f6 20. Nb3 Nxb2 21. Rxb2 Rfe8 22. Qxb5 Rab8 23. Qd3 Qd8 24. Rbe2 Rb4 25. h4 Re7 26. Bh3 exd4 27. Rxe7 Bxe7 28. Nxd4 Ne5 29. Rxe5 fxe5 30. Nc6 Qd6 31. Be6+ Kh8 32. Nxb4 Qxb4 33. Qc2 g6 34. Qc8+ Kg7 35. Qc2 Bc5 36. Kg2 Bd4 37. Qe2 Qa3 38. Qc2 Qe7 39. a4 Qa7 40. Qa2 Kf6 41. a5 Qa6 42. Bd7 Bc3 43. Bc6 Qxa5 44. Qe2 Bd4 45. Qf3+ Kg7 46. d6 Qd8 47. d7 Bc5 48. Qd5 Be7 49. Qe6 Bf6 50. Bd5 Qe7 51. Qg8+ Kh6 52. Qe8 Qd8 53. Kh3 Qe7 54. f3 e4 55. fxe4 Qd8 56. g4 Kg7 57. g5 Be7 58. Qf7+ Kh8 59. Qe8+ Kg7 60. e5 h5 61. Kg3 Kh7 62. Qf7+ Kh8 63. Qe8+ Kh7 64. Kf4 Kg7 65. Qf7+ Kh8 66. Qe8+ Kg7 67. Be6 Kh7 68. Qf7+ Kh8 69. Qxg6 Qf8+ 70. Qf7 Qxf7+ 71. Bxf7 Kg7 72. Bxh5 Bd8 73. Kf5 Kf8 74. e6 Ke7 75. g6 Bc7 76. g7 Kd6 77. g8=Q Kc6 78. Qf7 Bd6 1-0


[Site "https://www.chess.com"]

[Event "Titled Tuesday Blitz April 25 Late 2023"]
[White "Zakarian, David"]
[Black "Kraus, Tomas"]
[WhiteFideId "13301276"]
[BlackFideId "331708"]
[WhiteElo "2306"]
[BlackElo "2389"]
[Result "0-1"]
[Round "05"]
[TimeControl "180+2"]
[Date "2023.04.25"]
[WhiteClock "0:00:11"]
[BlackClock "0:00:08"]

1. e4 c5 2. Nf3 d6 3. Bb5+ Nd7 4. O-O Nf6 5. Re1 a6 6. Bf1 b5 7. a4 b4 8. c3 Bb7 9. d3 g6 10. Nbd2 Bg7 11. Nc4 O-O 12. Bd2 a5 13. Qc1 Re8 14. Bh6 Bh8 15. h3 Qc7 16. Ne3 e5 17. cxb4 axb4 18. b3 Nb8 19. Nc4 Nc6 20. Qg5 Qe7 21. Qh4 Nd4 22. Nxd4 cxd4 23. f4 Ba6 24. Nb6 Rab8 25. a5 Nd7 26. Qxe7 Rxe7 27. Nd5 Ree8 28. Rec1 Nc5 29. Rxc5 dxc5 30. Nc7 Re6 31. Nxe6 fxe6 32. Bg5 exf4 33. Bxf4 e5 34. Bg5 Kf7 35. Kf2 Rf8 36. Ke2 Ke6 37. Bh4 Bf6 38. Bg3 Bg5 39. Ra2 Be3 40. Rc2 Kd6 41. Bh4 g5 42. Be1 h5 43. g3 Bc8 44. Bg2 Ba6 45. Bf3 Rh8 46. Bd2 Bxd2 47. Kxd2 g4 48. hxg4 hxg4 49. Bxg4 Rg8 50. Be2 Rxg3 51. Rc1 Rg2 52. Rf1 Kc6 53. Rf6+ Kb5 54. Re6 Rg5 55. Rb6+ Kxa5 56. Rb8 Bb5 57. Rb7 Ba6 58. Rb8 Rg7 59. Re8 Rg5 60. Re6 Kb5 61. Bf1 Bb7 62. Rd6 Bc6 63. Bh3 Rh5 64. Bc8 Rh2+ 65. Kc1 Rh1+ 66. Kd2 Rb1 67. Kc2 Ra1 68. Re6 Ra2+ 69. Kb1 Ra3 70. Rxe5 Rxb3+ 71. Kc2 Rc3+ 72. Kd2 b3 73. Be6 b2 74. Ba2 Rc1 75. Re7 b1=Q 76. Bxb1 Rxb1 77. Kc2 Re1 78. Re5 Re2+ 79. Kd1 Re3 80. Kd2 Kb4 81. Re6 Bb5 82. e5 Rxd3+ 83. Kc2 Re3 84. Re7 Ba4+ 85. Kd2 Kc4 86. Ra7 Bb5 87. Re7 Kd5 88. Rb7 Bc4 89. Rc7 Rxe5 90. Kd1 Re3 91. Kd2 Re2+ 92. Kd1 Rh2 93. Kc1 Bd3 94. Re7 c4 95. Kd1 c3 96. Rd7+ Kc6 97. Rd8 Rh1# 0-1


[Site "https://www.chess.com"]

[Event "Titled Tuesday Blitz April 25 Late 2023"]
[White "D`Arruda, Ricardo D."]
[Black "Bulgurlu, Okan"]
[WhiteFideId "100692"]
[BlackFideId "6352316"]
[WhiteElo "2271"]
[BlackElo "1908"]
[Result "1-0"]
[Round "05"]
[TimeControl "180+2"]
[Date "2023.04.25"]
[WhiteClock "0:00:41"]
[BlackClock "0:00:03"]

1. d4 d5 2. Nf3 Nf6 3. c4 c6 4. Nc3 dxc4 5. a4 Bf5 6. e3 Nbd7 7. Bxc4 Qc7 8. O-O Bg6 9. Qe2 e5 10. e4 exd4 11. Nxd4 Bb4 12. f3 O-O 13. Be3 a5 14. Rfd1 Rad8 15. Rac1 Ne5 16. Bb3 Qe7 17. Qf2 c5 18. Ndb5 c4 19. Bc2 Nd3 20. Bxd3 Rxd3 21. Rxd3 cxd3 22. Rd1 Rd8 23. Kh1 h6 24. Nd4 Bxc3 25. bxc3 Qa3 26. h4 Qxa4 27. Rxd3 Qc4 28. Qd2 Bxe4 29. fxe4 Nxe4 30. Qd1 b5 31. Bg1 Nxc3 32. Qc2 b4 33. Rd2 Rd5 34. Nf3 Rxd2 35. Qxd2 b3 36. Bd4 Ne4 37. Qxa5 Ng3+ 38. Kh2 Nf1+ 39. Kg1 b2 40. Qa8+ Kh7 41. Qe4+ g6 42. Qe5 Qxd4+ 43. Qxd4 b1=Q 44. Kf2 Nh2 45. Qf4 Qc2+ 46. Kg3 Nf1+ 47. Kh3 Qf2 48. Qxf7+ Kh8 49. Qf8+ Kh7 50. Ng5+ hxg5 51. Qxf2 gxh4 52. Qxf1 1-0


[Site "https://www.chess.com"]

[Event "Titled Tuesday Blitz April 25 Late 2023"]
[White "Deviprasath, Sharvesh"]
[Black "Nery Junior, Jose Antonio"]
[WhiteFideId "30938228"]
[BlackFideId "2104822"]
[WhiteElo "2168"]
[BlackElo "2197"]
[Result "1-0"]
[Round "05"]
[TimeControl "180+2"]
[Date "2023.04.25"]
[WhiteClock "0:00:48"]
[BlackClock "0:00:04"]

1. e4 c5 2. Nf3 d6 3. d4 cxd4 4. Nxd4 Nf6 5. Nc3 a6 6. Bg5 e6 7. f4 Nbd7 8. Qe2 Qc7 9. g4 Be7 10. Bg2 b5 11. e5 dxe5 12. fxe5 Nd5 13. Bxd5 exd5 14. Bxe7 Qxe5 15. Bh4 O-O 16. Qxe5 Nxe5 17. h3 b4 18. Nce2 Bb7 19. O-O-O Rac8 20. Be7 Rfe8 21. Bxb4 Nc4 22. Bc3 Nd6 23. Rde1 Ne4 24. Rhf1 g6 25. h4 Rc4 26. h5 Bc8 27. hxg6 fxg6 28. Rg1 Bd7 29. Nf4 Rc5 30. Nb3 Rb5 31. a4 Rb6 32. Nxd5 Rd6 33. Rxe4 Rxe4 34. Nf6+ Rxf6 35. Bxf6 Bxg4 36. Nc5 Rf4 37. Be5 Rc4 38. Nxa6 Rxa4 39. b3 1-0


[Site "https://www.chess.com"]

[Event "Titled Tuesday Blitz April 25 Late 2023"]
[White "Mickiewicz, Piotr"]
[Black "Simonovic, Miroslav"]
[WhiteFideId "1114891"]
[BlackFideId "919152"]
[WhiteElo "2246"]
[BlackElo "2042"]
[Result "1-0"]
[Round "05"]
[TimeControl "180+2"]
[Date "2023.04.25"]
[WhiteClock "0:02:01"]
[BlackClock "0:00:59"]

1. Nf3 c5 2. e3 Nc6 3. Bb5 g6 4. O-O Bg7 5. d4 cxd4 6. exd4 d5 7. c4 Nf6 8. Nc3 O-O 9. Ne5 Bd7 10. Nxd7 Qxd7 11. c5 a6 12. Ba4 Ne4 13. Nxe4 dxe4 14. d5 Rad8 15. dxc6 Qf5 16. Qc2 bxc6 17. Be3 Bd4 18. Bxc6 1-0


[Site "https://www.chess.com"]

[Event "Titled Tuesday Blitz April 25 Late 2023"]
[White "Harriott, Tyrell"]
[Black "Dahlgren, James Allen"]
[WhiteFideId "2086484"]
[BlackFideId "22256873"]
[WhiteElo "2107"]
[BlackElo "1824"]
[Result "1-0"]
[Round "05"]
[TimeControl "180+2"]
[Date "2023.04.25"]
[WhiteClock "0:00:15"]
[BlackClock "0:00:09"]

1. d4 e6 2. e3 c5 3. f4 Nf6 4. Nf3 d5 5. c3 Nc6 6. Bd3 Qb6 7. O-O Ne4 8. Nbd2 f5 9. Bxe4 dxe4 10. Ne5 Nxe5 11. fxe5 Bd7 12. g4 O-O-O 13. gxf5 exf5 14. a4 g5 15. Qb3 Qxb3 16. Nxb3 c4 17. Nd2 Be6 18. Rb1 Kd7 19. b3 cxb3 20. Nxb3 Rc8 21. Bd2 b6 22. Rfc1 Bc4 23. Re1 Be7 24. Bc1 Ke6 25. Na1 Kd5 26. Nc2 Bd3 27. Nb4+ Kc4 28. Nxd3 Kxd3 29. Bb2 f4 30. Rbd1+ Kc2 31. Ba1 f3 32. Kf2 g4 33. Kg3 h5 34. d5 Rhg8 35. Kf4 Rcf8+ 36. Kxe4 f2 37. Rf1 h4 38. Rb1 g3 39. hxg3 hxg3 40. Rb2+ Kxc3 41. Rbxf2+ Kb4 42. Rxf8 Bxf8 43. Rg1 g2 44. Bd4 Kxa4 45. Kf3 Bc5 46. d6 Bxd4 47. exd4 b5 48. Rxg2 Rf8+ 49. Ke4 b4 50. Kd5 b3 51. e6 Ka3 52. e7 Rb8 53. d7 b2 54. Rxb2 Kxb2 55. d8=Q Rb5+ 56. Kc4 1-0


[Site "https://www.chess.com"]

[Event "Titled Tuesday Blitz April 25 Late 2023"]
[White "Capp, Stephen"]
[Black "Luong Phuong Hanh"]
[WhiteFideId "2027089"]
[BlackFideId "12401013"]
[WhiteElo "1920"]
[BlackElo "2081"]
[Result "0-1"]
[Round "05"]
[TimeControl "180+2"]
[Date "2023.04.25"]
[WhiteClock "0:00:15"]
[BlackClock "0:00:20"]

1. e4 c5 2. Nc3 Nc6 3. f4 e6 4. Nf3 d5 5. Bb5 d4 6. Bxc6+ bxc6 7. Nb1 Nf6 8. d3 Be7 9. a4 O-O 10. Na3 Ba6 11. Ne5 Qc7 12. Nac4 Bd6 13. Nxd6 Qxd6 14. O-O Qc7 15. b3 Rab8 16. Ba3 Qd6 17. Qe1 Rfc8 18. Qa5 Bb7 19. Bxc5 Qc7 20. Qxc7 Rxc7 21. Bxa7 Ra8 22. Bxd4 c5 23. Bc3 Ne8 24. Nc4 f6 25. a5 Ba6 26. Nb6 Rd8 27. Rf3 Nd6 28. Rg3 Kf7 29. h4 Nb5 30. Bb2 h5 31. Rf1 Nd6 32. f5 exf5 33. Nd5 Rb7 34. exf5 c4 35. dxc4 Nxc4 36. Bxf6 gxf6 37. bxc4 Bxc4 38. Nb6 Bxf1 39. Kxf1 Rd1+ 40. Ke2 Ra1 41. Nc4 Re7+ 42. Kd3 Rd7+ 43. Kc3 Rc7 44. Kb3 Rb1+ 45. Ka2 Rf1 46. Nb6 Rxf5 47. Ra3 Rxc2+ 48. Kb1 Rxg2 49. Rc3 Rxa5 50. Nc4 Rd5 51. Ne3 Rb5+ 52. Kc1 Rh2 53. Rc7+ Kg6 54. Rc6 Rxh4 55. Nc4 Rf4 56. Nd6 Rd5 57. Ne8 h4 58. Nc7 Rdd4 59. Ne6 Rc4+ 60. Rxc4 Rxc4+ 61. Kd2 h3 62. Nf8+ Kf5 63. Nd7 h2 0-1


[Site "https://www.chess.com"]

[Event "Titled Tuesday Blitz April 25 Late 2023"]
[White "Van Foreest, Machteld"]
[Black "Narva, Triin"]
[WhiteFideId "1051563"]
[BlackFideId "4502680"]
[WhiteElo "2018"]
[BlackElo "1944"]
[Result "0-1"]
[Round "05"]
[TimeControl "180+2"]
[Date "2023.04.25"]
[WhiteClock "0:00:29"]
[BlackClock "0:00:29"]

1. e4 d5 2. exd5 Qxd5 3. Nf3 Bg4 4. Nc3 Qe6+ 5. Qe2 Qd7 6. h3 Bxf3 7. Qxf3 c6 8. Bc4 Nf6 9. O-O e6 10. d3 b5 11. Bxb5 Bb4 12. Bc4 O-O 13. Bg5 Nd5 14. Nxd5 cxd5 15. Bb3 a5 16. a4 Nc6 17. c3 Bd6 18. Rfe1 Rab8 19. Qd1 Qb7 20. Bc2 Qxb2 21. d4 Qxc3 22. Rc1 Qxd4 23. Bxh7+ Kxh7 24. Qh5+ Kg8 25. Rxc6 Bf4 26. Qg4 Qb4 27. Bf6 Qxe1# 0-1


[Site "https://www.chess.com"]

[Event "Titled Tuesday Blitz April 25 Late 2023"]
[White "Ansh M Shah"]
[Black "Winkels, Marcel"]
[WhiteFideId "25033379"]
[BlackFideId "1003887"]
[WhiteElo "2084"]
[BlackElo "1900"]
[Result "1-0"]
[Round "05"]
[TimeControl "180+2"]
[Date "2023.04.25"]
[WhiteClock "0:00:13"]
[BlackClock "0:00:06"]

1. d4 Nf6 2. c4 g6 3. h4 c5 4. d5 b5 5. cxb5 a6 6. e3 Bg7 7. Nc3 O-O 8. Nf3 d6 9. a4 Qa5 10. Bd2 Nbd7 11. e4 axb5 12. Bxb5 Ba6 13. O-O Rfb8 14. h5 Bxb5 15. Nxb5 Qd8 16. hxg6 hxg6 17. Re1 Ng4 18. Bc3 Nge5 19. Nxe5 Nxe5 20. f4 Nc4 21. Bxg7 Kxg7 22. Qc2 Nb6 23. b3 Nd7 24. Qc3+ Kg8 25. e5 Nf8 26. Re3 Rxb5 27. axb5 Rxa1+ 28. Qxa1 Qb6 29. Qa6 Qb8 30. b6 Nd7 31. Qa7 Qd8 32. b7 Kg7 33. exd6 exd6 34. b4 c4 35. Qd4+ Kg8 36. Qxc4 Qb6 37. Kf2 Qxb7 38. Re8+ Nf8 39. Qc8 Qb6+ 40. Kf3 Qd4 41. Rxf8+ Kg7 42. Rg8+ Kf6 43. Qd8+ Kf5 44. Qg5# 1-0


[Site "https://www.chess.com"]

[Event "Titled Tuesday Blitz April 25 Late 2023"]
[White "Oliveira, Tiago Batista"]
[Black "Fajdetic, Hrvoje"]
[WhiteFideId "2108291"]
[BlackFideId "14501945"]
[WhiteElo "1962"]
[BlackElo "2185"]
[Result "0-1"]
[Round "05"]
[TimeControl "180+2"]
[Date "2023.04.25"]
[WhiteClock "0:00:03"]
[BlackClock "0:00:50"]

1. d4 e6 2. c4 f5 3. Nf3 Nf6 4. g3 Be7 5. Bg2 O-O 6. O-O d6 7. b3 Ne4 8. Bb2 Bf6 9. Nfd2 Nxd2 10. Qxd2 Nc6 11. e3 e5 12. d5 Ne7 13. Nc3 Ng6 14. Rac1 f4 15. Ne4 Bg4 16. exf4 exf4 17. Nxf6+ gxf6 18. gxf4 Qd7 19. Qe3 Qf5 20. h3 Bh5 21. Be4 Qxf4 22. Bxg6 Qxe3 23. fxe3 Bxg6 24. Rxf6 Rxf6 25. Bxf6 Re8 26. Bd4 a6 27. Rf1 b5 28. Rf4 bxc4 29. bxc4 Rb8 30. c5 dxc5 31. Bxc5 Rb5 32. Rc4 Bd3 33. Rc3 Be4 34. d6 cxd6 35. Bxd6 Rb1+ 36. Kh2 Rb2+ 37. Kg3 Rxa2 38. Kf4 Bd5 39. Ke5 Bg2 40. Rc8+ Kf7 41. Rc7+ Kg6 0-1


[Site "https://www.chess.com"]

[Event "Titled Tuesday Blitz April 25 Late 2023"]
[White "Balague Camps, Marc"]
[Black "Toma, Katarzyna"]
[WhiteFideId "2297914"]
[BlackFideId "1119907"]
[WhiteElo "2089"]
[BlackElo "2149"]
[Result "1-0"]
[Round "05"]
[TimeControl "180+2"]
[Date "2023.04.25"]
[WhiteClock "0:00:59"]
[BlackClock "0:00:03"]

1. d4 Nf6 2. c4 g6 3. Nc3 d5 4. Nf3 Bg7 5. Qb3 dxc4 6. Qxc4 a6 7. e4 b5 8. Qb3 c5 9. dxc5 Be6 10. Qc2 Nc6 11. Be3 Qa5 12. Nd2 Ng4 13. Be2 Nxe3 14. fxe3 b4 15. Qa4 Qxc5 16. Nd1 Bd7 17. Qb3 O-O 18. Qd5 Qa7 19. O-O Rad8 20. Qc4 a5 21. Nf3 Ne5 22. Qb3 Be6 23. Qa4 Nc4 24. Kh1 Nxe3 25. Nxe3 Qxe3 26. Rae1 Qb6 27. e5 Rc8 28. Bd1 Rfd8 29. Ng5 Bd5 30. Bb3 h6 31. Bxd5 Rxd5 32. Qb3 Qc5 33. Nxf7 Kh7 34. Qh3 Qc2 35. Ng5+ Kh8 36. Ne6 1-0


[Site "https://www.chess.com"]

[Event "Titled Tuesday Blitz April 25 Late 2023"]
[White "Delorme, Alban"]
[Black "Szente Varga, Fruzsina"]
[WhiteFideId "623636"]
[BlackFideId "712264"]
[WhiteElo "2196"]
[BlackElo "1994"]
[Result "1-0"]
[Round "05"]
[TimeControl "180+2"]
[Date "2023.04.25"]
[WhiteClock "0:00:59"]
[BlackClock "0:00:35"]

1. e4 Nf6 2. Nc3 d5 3. exd5 Nxd5 4. Bc4 c6 5. Nf3 g6 6. O-O Bg7 7. d4 O-O 8. Re1 Bg4 9. h3 Bxf3 10. Qxf3 e6 11. Be3 Nd7 12. Nxd5 cxd5 13. Bd3 Rc8 14. c3 Qb6 15. Re2 Qc6 16. Rae1 Nb6 17. Bg5 Nc4 18. Bf6 b5 19. Bxg7 Kxg7 20. h4 h5 21. Qg3 a5 22. Rxe6 Qc7 23. Rxg6+ fxg6 24. Qxg6+ Kh8 25. Qh6+ Kg8 26. Re6 Rf7 27. Rg6+ Rg7 28. Rxg7+ Qxg7 29. Qe6+ Qf7 30. Qxc8+ Kg7 31. Bxc4 bxc4 32. Qb8 Kh7 33. Qe5 Qg6 34. f4 Qb1+ 35. Kh2 Qxb2 36. Qe7+ Kg6 37. Qg5+ Kf7 38. Qxd5+ Kf8 39. Qxc4 Qf2 40. Qc5+ Kf7 41. Qxh5+ Ke7 42. Qe5+ Kf8 43. Kh3 Qxa2 44. f5 Qd2 45. f6 Qd3+ 46. Kh2 Kf7 47. Qe7+ Kg6 48. Qg7+ Kh5 49. Qg5# 1-0


[Site "https://www.chess.com"]

[Event "Titled Tuesday Blitz April 25 Late 2023"]
[White "Ricaurte Lopez, Juan Carlos"]
[Black "Freile Martin, Javier"]
[WhiteFideId "3600327"]
[BlackFideId "3600165"]
[WhiteElo "2200"]
[BlackElo "2320"]
[Result "0-1"]
[Round "05"]
[TimeControl "180+2"]
[Date "2023.04.25"]
[WhiteClock "0:00:07"]
[BlackClock "0:00:46"]

1. e4 c5 2. Nf3 e6 3. d4 cxd4 4. Nxd4 Bc5 5. Nb3 Bb6 6. Bd3 Nc6 7. O-O Nge7 8. a4 a6 9. Bf4 O-O 10. Bd6 Re8 11. Nc3 Ng6 12. Kh1 Bc7 13. Bxc7 Qxc7 14. Qd2 b6 15. f4 Bb7 16. f5 exf5 17. exf5 Nge5 18. f6 Ng4 19. Rf4 Nce5 20. Bf5 Nc4 21. Qd4 Nge3 22. Bxh7+ Kxh7 23. Rh4+ Kg8 24. fxg7 Qe5 25. Qxe5 Rxe5 0-1


[Site "https://www.chess.com"]

[Event "Titled Tuesday Blitz April 25 Late 2023"]
[White "Fuentes Godoy, Lilia Ivonne"]
[Black "Skaric, Djuro"]
[WhiteFideId "5104130"]
[BlackFideId "934569"]
[WhiteElo "2096"]
[BlackElo "2282"]
[Result "0-1"]
[Round "05"]
[TimeControl "180+2"]
[Date "2023.04.25"]
[WhiteClock "0:00:01"]
[BlackClock "0:00:39"]

1. d4 d6 2. Nf3 g6 3. c4 Bg7 4. Nc3 Nf6 5. d5 O-O 6. e4 e5 7. Be2 h6 8. O-O Ne8 9. Ne1 f5 10. Nd3 h5 11. f4 Nd7 12. exf5 Rxf5 13. Ne4 exf4 14. Bxf4 Ne5 15. Ng3 Rf8 16. Nxe5 dxe5 17. Be3 Nd6 18. Rxf8+ Qxf8 19. Qf1 Qxf1+ 20. Rxf1 b6 21. Bd3 h4 22. Ne2 Nf5 23. Bg5 Bd7 24. Nc3 Kh7 25. Ne4 Rf8 26. Rf2 Kh8 27. g3 h3 28. Kf1 Nd4 29. Rxf8+ Bxf8 30. Bf6+ Bg7 31. Kf2 Bg4 32. Bxg7+ Kxg7 33. b3 Nf3 0-1


[Site "https://www.chess.com"]

[Event "Titled Tuesday Blitz April 25 Late 2023"]
[White "Alexikov, Alexander"]
[Black "yoriiiis"]
[WhiteFideId "14103958"]
[WhiteElo "2186"]
[BlackElo "2127"]
[Result "1-0"]
[Round "05"]
[TimeControl "180+2"]
[Date "2023.04.25"]
[WhiteClock "0:00:57"]
[BlackClock "0:00:03"]

1. e4 c5 2. Nf3 d6 3. d4 cxd4 4. Nxd4 Nf6 5. Nc3 a6 6. Be2 Nbd7 7. Be3 b5 8. f3 Bb7 9. O-O e6 10. a4 b4 11. Na2 d5 12. exd5 Nxd5 13. Bf2 Be7 14. c4 bxc3 15. Nxc3 Nxc3 16. bxc3 O-O 17. Rb1 Qc7 18. Bg3 Qc8 19. Kh1 Bd5 20. c4 Bb7 21. Bd3 Nc5 22. Bc2 Rd8 23. Rf2 Bf6 24. Rd2 Qd7 25. Nb3 Qxd2 26. Nxd2 Bc3 27. Be1 Rd7 28. Qe2 Rad8 29. Nf1 Bf6 30. Ba5 Rc8 31. Bb4 g6 32. Ng3 Bg7 33. a5 e5 34. h4 Ne6 35. Be4 Bxe4 36. Nxe4 Nd4 37. Qd3 Rcd8 38. Nc5 Rd6 39. Nb7 Nf5 40. Nxd6 1-0


[Site "https://www.chess.com"]

[Event "Titled Tuesday Blitz April 25 Late 2023"]
[White "Srdanovic, Jovana"]
[Black "Kohler, Aran"]
[WhiteFideId "954810"]
[BlackFideId "1002856"]
[WhiteElo "2145"]
[BlackElo "2010"]
[Result "1/2-1/2"]
[Round "05"]
[TimeControl "180+2"]
[Date "2023.04.25"]
[WhiteClock "0:00:06"]
[BlackClock "0:00:02"]

1. d4 Nf6 2. c4 c5 3. d5 e6 4. Nc3 exd5 5. cxd5 d6 6. e4 g6 7. h3 Bg7 8. Nf3 O-O 9. a4 Re8 10. Bd3 b6 11. O-O Ba6 12. Re1 Bxd3 13. Qxd3 Nbd7 14. Bf4 Ne5 15. Bxe5 dxe5 16. a5 Bf8 17. Ra2 Bd6 18. Rea1 Rb8 19. axb6 axb6 20. Nb5 Re7 21. Ra7 Reb7 22. Nd2 Ne8 23. Nc4 Kg7 24. Qc3 f6 25. Qa3 Qd7 26. Rxb7 Rxb7 27. Qa6 Bb8 28. Nxb6 Qf7 29. Nc4 g5 30. d6 Qd7 31. Ra5 Kf7 32. Nca3 Kg6 33. Nc2 Nxd6 34. Nxd6 Bxd6 35. Ne3 Bb8 36. Nc4 Ra7 37. Qb5 Qd1+ 38. Kh2 Rxa5 39. Qxa5 Bd6 40. Qb5 Bf8 41. Qe8+ Kg7 42. Nb6 Qd2 43. Nd7 Qf4+ 44. Kg1 Qc1+ 45. Kh2 Qf4+ 46. Kg1 Qc1+ 47. Kh2 Qf4+ 1/2-1/2


[Site "https://www.chess.com"]

[Event "Titled Tuesday Blitz April 25 Late 2023"]
[White "Figorito, Nick"]
[Black "Panico, Nick"]
[WhiteFideId "30923689"]
[BlackFideId "2026724"]
[WhiteElo "2036"]
[BlackElo "1982"]
[Result "0-1"]
[Round "05"]
[TimeControl "180+2"]
[Date "2023.04.25"]
[WhiteClock "0:00:15"]
[BlackClock "0:01:01"]

1. Nf3 f5 2. e4 fxe4 3. Ng5 d5 4. d3 Qd6 5. dxe4 h6 6. Nf3 dxe4 7. Nfd2 Nf6 8. Be2 g6 9. Nc3 Bg7 10. Ncxe4 Nxe4 11. Nxe4 Qxd1+ 12. Bxd1 Nc6 13. c3 Bf5 14. Bc2 O-O-O 15. O-O Ne5 16. b3 Nd3 17. Bxd3 Rxd3 18. Nc5 Rd5 19. Be3 Bxc3 20. Rac1 Bb2 21. Rcd1 Rhd8 22. Rxd5 Rxd5 23. b4 b6 24. Nb3 e5 25. Bxh6 c5 26. bxc5 bxc5 27. Na5 c4 28. Nxc4 Bd3 29. Ne3 Ra5 30. Rd1 e4 31. Rd2 Rxa2 32. g3 Ra1+ 33. Kg2 Bc1 34. Rd1 Bb2 35. Rd2 Bc3 36. Nd5 Bxd2 37. Bxd2 a5 38. f3 a4 39. fxe4 Bxe4+ 0-1


[Site "https://www.chess.com"]

[Event "Titled Tuesday Blitz April 25 Late 2023"]
[White "Urbina Perez, Juan Antonio"]
[Black "Holtel, Jasper"]
[WhiteFideId "2217368"]
[BlackFideId "12956376"]
[WhiteElo "2197"]
[BlackElo "2372"]
[Result "1-0"]
[Round "05"]
[TimeControl "180+2"]
[Date "2023.04.25"]
[WhiteClock "0:01:31"]
[BlackClock "0:00:11"]

1. c4 Nf6 2. g3 g6 3. Bg2 Bg7 4. Nc3 O-O 5. d4 d6 6. h3 c5 7. dxc5 dxc5 8. Qxd8 Rxd8 9. e3 Be6 10. b3 Ne4 11. Nxe4 Bxa1 12. Nxc5 Bc3+ 13. Ke2 Nc6 14. Nxb7 Rdc8 15. Nc5 Rab8 16. Nxe6 fxe6 17. Nf3 Bf6 18. Nd2 Nb4 19. a3 Na6 20. b4 Rd8 21. Ne4 Kf7 22. Nxf6 exf6 23. Bb2 Rdc8 24. Rc1 Nxb4 25. axb4 Rxb4 26. Bd4 Rcxc4 27. Rxc4 Rxc4 28. Bxa7 Rc2+ 29. Kf3 g5 30. Bf1 h5 31. Bd3 Rd2 32. Bc4 Rc2 33. Bd3 Rd2 34. Bf1 Kg6 35. Bb6 f5 36. Ba5 Ra2 37. Bc3 g4+ 38. hxg4 hxg4+ 39. Kg2 Rc2 40. Bd4 Kf7 41. Bd3 Rd2 42. Bc4 Rc2 43. Bb3 Rc1 44. f3 gxf3+ 45. Kxf3 Rf1+ 46. Kg2 Rb1 47. Bc2 Rc1 48. Bd3 Rd1 49. Bc4 Rd2+ 50. Kf3 Rd1 51. g4 fxg4+ 52. Kxg4 Rc1 53. Bb3 Rb1 54. Bc2 Rc1 55. Ba4 Rg1+ 56. Kf4 Rf1+ 57. Ke5 Rf5+ 58. Ke4 Rh5 59. Bd1 Ra5 60. Bb3 Rb5 61. Bc4 Rh5 62. Be2 Ra5 63. Kd3 Rg5 64. Bf3 Ra5 65. Ke4 Rg5 66. Kf4 Rf5+ 67. Kg4 Ra5 68. Kh4 Rc5 69. Bxc5 1-0


[Site "https://www.chess.com"]

[Event "Titled Tuesday Blitz April 25 Late 2023"]
[White "Chakravarthi Reddy, M"]
[Black "Sanchez, Robert"]
[WhiteFideId "25009532"]
[BlackFideId "2034360"]
[WhiteElo "2201"]
[BlackElo "1966"]
[Result "1-0"]
[Round "05"]
[TimeControl "180+2"]
[Date "2023.04.25"]
[WhiteClock "0:01:02"]
[BlackClock "0:00:15"]

1. e4 e6 2. d4 d5 3. e5 b6 4. c3 Qd7 5. Nf3 Ba6 6. Bxa6 Nxa6 7. Qd3 Nb8 8. O-O c5 9. Nbd2 Ne7 10. c4 Nbc6 11. cxd5 Nxd5 12. Ne4 cxd4 13. Bg5 h6 14. Bd2 Be7 15. a3 O-O 16. Rad1 Rad8 17. Rfe1 Qc7 18. Ng3 Rfe8 19. Re4 f5 20. exf6 Bxf6 21. Rde1 e5 22. Rg4 Kh8 23. Nh5 Qf7 24. Qf5 Nce7 25. Nxe5 Nxf5 26. Nxf7+ Kh7 27. Nxd8 Rxd8 28. Nxf6+ Nxf6 29. Rf4 Rd5 30. h3 g5 31. Rf3 Kg6 32. Re6 Kf7 33. Rxf6+ Kxf6 34. g4 1-0


[Site "https://www.chess.com"]

[Event "Titled Tuesday Blitz April 25 Late 2023"]
[White "Nakamura, Hikaru"]
[Black "Bortnyk, Olexandr"]
[WhiteFideId "2016192"]
[BlackFideId "14120828"]
[WhiteElo "2885"]
[BlackElo "2734"]
[Result "1/2-1/2"]
[Round "06"]
[TimeControl "180+2"]
[Date "2023.04.25"]
[WhiteClock "0:00:10"]
[BlackClock "0:00:09"]

1. Nf3 Nf6 2. d4 d6 3. Nc3 Nbd7 4. e4 e5 5. Bc4 Be7 6. O-O c6 7. a4 Qc7 8. Qe2 O-O 9. h3 h6 10. Rd1 Re8 11. d5 Nf8 12. a5 Ng6 13. Qe1 Bd7 14. Bb3 c5 15. Bc4 Rf8 16. a6 b6 17. Bb5 Nh5 18. Ra3 Bxb5 19. Nxb5 Qd7 20. c4 Nhf4 21. Bxf4 Nxf4 22. Nd2 Kh7 23. Kh2 g6 24. Qf1 f5 25. exf5 gxf5 26. g3 Ng6 27. f4 exf4 28. gxf4 Bf6 29. Re3 Rae8 30. Rde1 Rxe3 31. Rxe3 Re8 32. Qf3 Rxe3 33. Qxe3 Nxf4 34. Nf3 Bg5 35. Qe1 Bf6 36. Qe3 Nxd5 37. Qd2 Nb4 38. Qf4 Nd3 39. Qd2 Ne5 40. Qd5 Nxf3+ 41. Qxf3 Be5+ 42. Kh1 Qe6 43. b3 Bf6 44. Kg2 Qg8+ 45. Kf1 Qe6 46. Nxa7 Bh4 47. Qe2 Qf6 48. Nb5 Qa1+ 49. Kg2 Qxa6 50. Nxd6 Qa8+ 51. Qf3 Qa2+ 52. Kg1 Qb1+ 53. Qf1 Qxf1+ 54. Kxf1 Kg6 55. Ke2 Bd8 56. Kf3 Kf6 57. Ke3 Ke6 58. Nb5 Bg5+ 59. Kf3 Ke5 60. Nc7 Kd4 61. Nd5 Kd3 62. Nxb6 Kc3 63. Nd7 Kb4 64. h4 Bxh4 65. Kf4 Bf2 66. Kxf5 Kxb3 67. Kg4 Kxc4 68. Nxc5 Bxc5 69. Kf3 Be7 70. Kg2 Bg5 71. Kh1 Kd5 72. Kg2 Ke6 73. Kh1 Kf5 74. Kg2 Kg4 75. Kh1 Kh3 76. Kg1 Bf4 77. Kh1 Be3 1/2-1/2


[Site "https://www.chess.com"]